 Dungeon Crawl Stone Soup version 0.32-a0-900-g30fb1b0edc (webtiles) character file.

Game seed: 8989793101392789542

39 gohu the Chopper (level 3, -4/31 HPs)
             Began as a Mountain Dwarf Fighter on Apr 5, 2024.
             Slain by a gnoll
             ... wielding a +0 halberd
              (10 damage)
             ... on level 2 of the Dungeon.
             The game lasted 00:01:57 (1104 turns).

gohu the Chopper (Mountain Dwarf Fighter)           Turns: 1104, Time: 00:01:58

Health: -4/31      AC:  6    Str: 20    XL:     3   Next: 28%
Magic:  3/3        EV:  8    Int:  8    God:
Gold:   14         SH:  4    Dex:  9    Spells: 2/2 levels left

rFire   . . .        a - +0 war axe
rCold   . . .        c - +0 buckler
rNeg    . . .        b - +0 scale mail
rPois   .            (no helmet)
rElec   .            (no cloak)
rCorr   .            (no gloves)
SInv    .            (no boots)
Will    .....        (no amulet) Stlth
                     (no ring)
HPRegen 0.25/turn    (no ring)
MPRegen 0.08/turn

%: no passive effects
@: mighty
A: runic magic, artefact enchanting
a: no special abilities


You were on level 2 of the Dungeon.
You visited 1 branch of the dungeon, and saw 2 of its levels.

You collected 70 gold pieces.
You spent 56 gold pieces at shops.

Inventory:

Hand Weapons
 a - a +0 war axe (weapon)
Armour
 b - a +0 scale mail (worn)
 c - a +0 buckler (worn)
Scrolls
 f - a scroll of fog {unknown}
 g - a scroll of enchant armour {unknown}
 h - 3 scrolls of identify {unknown}
 i - a scroll of vulnerability {unknown}
 j - a scroll of noise {unknown}
Potions
 d - a potion of might
 e - a potion of mutation {unknown}
 k - a potion of heal wounds {unknown}


   Skills:
 - Level 3.2 Fighting
 * Level 4.6 Axes
 - Level 3.2 Armour
 - Level 3.2 Shields


You had 2 spell levels left.
You didn't know any spells.
Your spell library was empty.

Dungeon Overview and Level Annotations

Branches:
Dungeon (2/15)

Altars:
The Shining One

Shops:
D:1 (   D:2 *


Innate Abilities, Weirdness & Mutations

Your spellcasting is much less encumbered by armour.
You can use scrolls of enchantment on lesser artefacts.


Message History

You see here a frilled lizard corpse.
You see here a frilled lizard corpse.
There is an entrance to Olyphye's Assorted Antiques here.
Found 8 stones.
You now have 14 gold pieces (gained 8).
Found a stone staircase leading down.
Found 6 stones.
A gnoll comes into view. It is wielding a +0 spear.
The gnoll shouts!
You hear a shout!
A gnoll comes into view. It is wielding a +0 halberd.
You hear a shout!
A gnoll comes into view. It is wielding a +0 club.
The gnoll shouts!
There is a stone staircase leading down here.
The gnoll hits you with a +0 halberd! The gnoll closely misses you.
You hit the gnoll.
The gnoll is lightly wounded.
The gnoll barely misses you.
The gnoll hits you from afar with a +0 spear.
The gnoll hits you with a +0 halberd.
You hit the gnoll.
The gnoll is moderately wounded.
You block the gnoll's attack. The gnoll hits you but does no damage.
The gnoll hits you from afar with a +0 spear.
You are too injured to fight recklessly!
You are too injured to fight recklessly!
You are too injured to fight recklessly!
You hit the gnoll.
The gnoll is heavily wounded.
The gnoll hits you with a +0 halberd.
The gnoll hits you from afar with a +0 spear.
* * * LOW HITPOINT WARNING * * *
The gnoll hits you from afar with a +0 halberd.
* * * LOW HITPOINT WARNING * * *
You feel very mighty all of a sudden. The gnoll hits you but does no damage.
You are too injured to fight recklessly!
You are too injured to fight recklessly!
The gnoll hits you with a +0 halberd!
You die...

..........#
.(........#
..........##########.
.....................
..........>...#.#.
##.....##.###.#
########.# #.#
#.ggg.# #.# #@#####
#g# #.# #g# #.# #g#
#.# #.. #.# #.# ..#
##. ###


You could see 3 gnolls.

Vanquished Creatures
  An adder (D:2)
  A dart slug (D:1)
  2 ball pythons (D:1)
  An endoplasm (D:2)
  A giant cockroach (D:1)
  2 goblins
  A hobgoblin (D:1)
  5 jackals
  3 quokkas
  2 bats
  3 frilled lizards
  2 kobolds
  2 rats
26 creatures vanquished.

Notes
Turn   | Place    | Note
-------+----------+-------------------------------------------
     0 | D:1      | gohu the Mountain Dwarf Fighter began the quest for the
                  | Orb.
     0 | D:1      | Reached XP level 1. HP: 19/19 MP: 1/1
    48 | D:1      | Found a faded altar of an unknown god.
    81 | D:1      | Found Etrapn's Antique Weapon Emporium.
   138 | D:1      | Reached skill level 3 in Axes
   243 | D:1      | Reached XP level 2. HP: 24/26 MP: 2/2
   743 | D:2      | Reached skill level 4 in Axes
   816 | D:2      | Found a glowing golden altar of the Shining One.
   823 | D:2      | Reached XP level 3. HP: 31/31 MP: 3/3
   862 | D:2      | Found Olyphye's Assorted Antiques.
   868 | D:2      | Bought a scroll labelled BIT XELYIZURCH for 28 gold pieces
   868 | D:2      | Bought a scroll labelled BIT XELYIZURCH for 28 gold pieces
  1104 | D:2      | Slain by a gnoll

Illustrated notes

Levels and vault maps discovered:
D:1:      zelgadis_glass_arrival_small, layout_basic,
          hellmonk_ecumenical_altar_zigzags, serial_shops,
          nicolae_shop_competitors_out_of_business
D:2:      layout_basic, basic_altar, serial_shops, shop, kennysheep_nub

Skill      XL: |  1  2 |
---------------+-------+-----
Axes           | 3 4 |  4.6
Fighting       | |  3.2
Armour         | |  3.2
Shields        | |  3.2

Action                     || total
---------------------------++-------
  Melee: War axe           ||    79
    Use: Potion            ||     1
 Armour: Scale mail        ||    77
  Dodge: Dodged            ||    31
  Block: Buckler           ||    18

Table legend: (Time is in decaauts)
 A = Elapsed time spent in this place.
 B = Non-inter-level travel time spent in this place.
 C = Inter-level travel time spent in this place.
 D = Time resting spent in this place.
 E = Time spent auto-exploring this place.
 F = Levels seen in this place.
 G = Mean time per level.
                   A        B        C        D        E       F      G
               +--------+--------+--------+--------+--------+-----+--------+
         Total |   1131 |   1106 |     25 |      0 |    901 |   2 |  565.5 |
       Dungeon |   1131 |   1106 |     25 |      0 |    901 |   2 |  565.5 |
               +--------+--------+--------+--------+--------+-----+--------+

Top non-repeatable levels by time:
     D:1: 725 daAuts
     D:2: 405 daAuts
